 Dungeon Crawl Stone Soup version 0.31-a0-1172-g9944ec47dd (webtiles) character file.

Game seed: 2856958212395743077

116869 bmb222 the Bludgeoner (level 16, 0/111 HPs)
             Began as a Demonspawn Fighter on Dec 10, 2023.
             Was the Champion of Hepliaklqana.
             Slain by a vampire knight
             ... wielding a +0 war axe
              (9 damage)
             ... on level 2 of the Depths.
             The game lasted 00:47:47 (26193 turns).

bmb222 the Bludgeoner (Demonspawn Fighter)         Turns: 26193, Time: 00:47:48

Health: 0/111      AC: 28    Str: 27    XL:     16   Next: 21%
Magic:  20/20      EV: 16    Int:  9    God:    Hepliaklqana [******]
Gold:   1618       SH: 16    Dex: 13    Spells: 15/15 levels left

rFire   + . .        q - +1 demon whip (vamp)
rCold   + . .        c - +0 buckler
rNeg    . . .        M - +0 plate armour
rPois   +            o - +2 hat
rElec   .            v - scarf {rC+ rF+}
rCorr   .            j - +2 pair of gloves {Str+3}
SInv    .            b - +2 pair of slick slippers {slick, slippery, EV+4}
Will    +....        C - amulet of reflection Stlth
                     g - +4 ring of slaying
HPRegen 0.38/turn    Q - +4 ring of protection
MPRegen 0.17/turn

%: reflection
@: hasted, very quick
A: reduced essence, hooves 2, foul stench 3, powered by death 3, sturdy frame 2,
large bone plates 1, low MP 1, poison resistance
a: Renounce Religion, Recall Ancestor, Ancestor Identity, Transference, Idealise


You were on level 2 of the Depths.
You worshipped Hepliaklqana.
Hepliaklqana was exalted by your worship.
You visited 5 branches of the dungeon, and saw 25 of its levels.
You also visited: Volcano.

You collected 3102 gold pieces.
You spent 1484 gold pieces at shops.

Inventory:

Hand Weapons
 a - a +1 flail
 q - a +1 vampiric demon whip (weapon)
 A - a +1 whip of flaming
 P - a +0 dire flail
 W - a +1 great mace of flaming
Missiles
 E - 5 throwing nets
 L - 27 boomerangs
Armour
 b - the +2 pair of slick slippers (worn) {slick, slippery, EV+4}
   (You bought it in a shop on level 2 of the Orcish Mines)

   Slick:     Its wearer cannot be constricted, engulfed, netted or webbed.
   Slippery:  Its wearer slips away from damaging melee attacks, pulling the
   attacker onward.
   EV+4:      It affects your evasion (+4).
 c - a +0 buckler (worn)
 j - a +2 pair of gloves of strength (worn)
 k - a +2 cloak of willpower
 o - a +2 hat (worn)
 v - a scarf of resistance (worn)
 y - a +0 cloak of fire resistance
 M - a +0 plate armour (worn)
 T - +0 fire dragon scales
Jewellery
 e - a +6 ring of dexterity
 g - a +4 ring of slaying (left hand)
 l - an amulet of regeneration
 x - a ring of flight
 C - an amulet of reflection (around neck)
 F - an amulet of guardian spirit
 H - a ring of wizardry
 K - a ring of positive energy
 N - a ring of willpower
 Q - a +4 ring of protection (right hand)
 R - a ring of resist corrosion
Talismans
 S - a dragon-blood talisman
Wands
 m - a wand of polymorph (7)
 p - a wand of mindburst (7)
 s - a wand of flame (35)
 t - a wand of charming (54)
 J - a wand of iceblast (26)
Scrolls
 h - 13 scrolls of identify
 i - a scroll of immolation
 n - 10 scrolls of teleportation
 u - 2 scrolls of revelation
 D - a scroll of poison
 I - 2 scrolls of amnesia
 O - 2 scrolls of enchant weapon
Potions
 d - 3 potions of might
 f - 4 potions of brilliance
 r - a potion of lignification
 w - 3 potions of attraction
 z - 2 potions of berserk rage
 B - 7 potions of mutation
 V - 2 potions of haste
 Y - a potion of ambrosia


   Skills:
 - Level 10.7 Fighting
 * Level 15.4 Maces & Flails
 * Level 14.5 Armour
 * Level 8.6 Dodging
 - Level 0.5 Stealth
 * Level 12.6 Shields
 - Level 8.8 Invocations
 + Level 2.6 Evocations
 * Level 6.1 Shapeshifting


You had 15 spell levels left.
You didn't know any spells.
Your spell library contained the following spells:

 Spells                   Type           Power      Damage    Failure   Level
 Shock                    Conj/Air       0%         1d3       80%         1
 Slow                     Hex            0%         N/A       80%         1
 Cigotuvi's Dreadful Rot  Necr/Pois/Air  0%         N/A       91%         2
 Sublimation of Blood     Necr           0%         N/A       91%         2
 Confusing Touch          Hex            0%         N/A       99%         3
 Dazzling Flash           Conj/Hex       0%         N/A       99%         3
 Hailstorm                Conj/Ice       0%         3d5       99%         3
 Sigil of Binding         Hex            0%         N/A       99%         3
 Swiftness                Air            0%         N/A       99%         3
 Vampiric Draining        Necr           0%         2d6       99%         3
 Volatile Blastmotes      Fire/Tloc      0%         2d10      99%         3
 Airstrike                Air            0%         2d(0-16)  100%        4
 Dispel Undead            Necr           0%         3d6       100%        4
 Petrify                  Tmut/Erth      0%         N/A       100%        4
 Summon Ice Beast         Ice/Summ       0%         N/A       100%        4
 Irradiate                Conj/Tmut      0%         3d11      100%        5
 Summon Forest            Summ/Tloc      0%         N/A       100%        5
 Summon Mana Viper        Hex/Summ       0%         N/A       100%        5
 Death Channel            Necr           0%         N/A       100%        6
 Simulacrum               Ice/Necr       0%         N/A       100%        6
 Starburst                Conj/Fire      0%         6d3       100%        6
 Summon Cactus Giant      Summ           0%         N/A       100%        6
 Maxwell's Capacitive Co  Air            0%         ∞         100%        8


Dungeon Overview and Level Annotations

Branches:
Dungeon (15/15)            Temple (0/1) D:6            Lair (5/5) D:10
  Swamp (1/4) Lair:2        Snake (0/4) Lair:3        Slime (0/5) Lair:4
    Orc (2/2) D:10            Elf (0/3) Orc:2        Vaults (0/5) D:13
 Depths (2/4) D:15        Volcano (visited)

Altars:
Cheibriados
Fedhas
Gozag
Hepliaklqana
Kikubaaqudgha
Makhleb
Ru
Trog
Uskayaw
Vehumet
Xom

Shops:
D:9 !   D:10 :   D:11 :   Orc:2 [(*=   Depths:2 [:

Portals:
Hell: Lair:5 Depths:1
Abyss: Depths:1
Pandemonium: Depths:1
Ziggurat: Depths:1

Annotations:
D:2 Robin
D:11 2 transporters, exclusions: ice statue and oklob plant, Hifysh's ghost, journeyman DsGl


Innate Abilities, Weirdness & Mutations

Your life essence is reduced to manifest your ancestor. (-10% HP)
You have hoof-like feet.
You frequently emit foul miasma when damaged in melee.
You regenerate a lot of health from kills.
Your movements are less encumbered by armour. (ER -4)
You are partially covered in large bone plates. (SH +4)
Your magical capacity is low. (-10% MP)
Your system is resistant to poisons. (rPois)


Message History

You block the vampire knight's attack. The vampire knight closely misses you.
The vampire knight attacks as it pursues you!
You block the vampire knight's attack. The vampire knight barely misses you.
The vampire knight points at you and mumbles some strange words.
You suddenly lose the ability to move!
The vampire knight hits you but does no damage.
The vampire knight bites you but does no damage.
The vampire knight hits you with a +0 war axe!
You slip backwards!
The vampire knight hits you but does no damage.
The vampire knight bites you.
The vampire knight draws strength from your injuries!
You can move again.
Unknown command.
The vampire knight points at you and mumbles some strange words.
The vampire knight blinks!
Unknown command.
You block the vampire knight's attack. x2
The vampire knight gestures wildly while chanting.
The vampire knight flickers and vanishes!
Deactivating autopickup; reactivate with Ctrl-A.
Something hits you!
You slip backwards!
Something hits you.
You slip backwards!
Something hits you!
You slip backwards!
You block something's attack. Something bites you!
Something draws strength from your injuries!
You slip backwards!
Something hits you but does no damage. Something bites you.
Something draws strength from your injuries!
You slip backwards!
Something barely misses you. Something bites you!
Something draws strength from your injuries!
Something hits you. Something bites you but does no damage.
Something hits you!!
* * * LOW HITPOINT WARNING * * *
You slip backwards!
You block something's attack. x2
You feel better. Something closely misses you.
Something bites you but does no damage.
You feel yourself speed up. Something hits you!!
* * * LOW HITPOINT WARNING * * *
You slip backwards!
Something hits you!
You die...

#.......# ###
#..†....# #<#
#...##..#
#.###...##..#
#...#.......#
####.#...u...#
#.R[.#....§..#
#.####.......#
#..@##...##.u#
###.##+####u.#
#####.#.##....u..#
#...'...u#.......#
#...#....#'####..#
#.'##....u....#..#
###∩#.........#..#
+....###.........#..#
#......#.........#..#


You could see 2 ugly things.

Vanquished Creatures
  Frances (D:12)
  A reaper (Depths:1)
  3 stone giants (Depths:1)
  2 eleionomae (Lair:2)
  2 bunyips
  A green death (Depths:1)
  Snorg (D:14)
  2 fire dragons
  5 hydras
  2 rakshasas (D:15)
  An ice dragon (Depths:2)
  2 catoblepae
  7 centaur warriors
  3 boulder beetles
  3 two-headed ogres
  2 deep troll shamans (Depths:1)
  A deep troll earth mage (Depths:1)
  An orc high priest (Orc:1)
  A spriggan berserker (Depths:1)
  An occultist (D:15)
  A soul eater (Depths:1)
  A sun demon (Lair:5)
  3 deep trolls
  2 iron trolls
  A glowing orange brain (Depths:2)
  A flayed ghost (D:15)
  A bog body (Swamp:1)
  Pikel (D:5)
  A lindwurm (Volcano)
  An arcanist (D:13)
  A deep elf zephyrmancer (D:10)
  A deep elf pyromancer (D:13)
  4 ugly things
  4 orc knights
  A salamander (Lair:3)
  3 cyclopes
  13 elephants
  A manticore (D:15)
  6 orc sorcerers
  A toenail golem (Volcano)
  13 slime creatures
  3 kobold blastminers
  A black mamba (Lair:2)
  2 smoke demons
  A torpor snail (D:13)
  2 orange demons (Lair:5)
  10 cane toads
  Maggie (D:7)
  A gargoyle (D:9)
  An efreet (D:13)
  3 rime drakes (Lair:5)
  4 komodo dragons
  A tormentor (Depths:1)
  4 ice devils
  2 tengu conjurers (D:15)
  A hellwing (Lair:5)
  5 trolls
  A polar bear (Lair:2)
  Grinder (D:5)
  8 blink frogs
  A tyrant leech (Lair:2)
  3 dream sheep (Lair:3)
  Sigmund (D:2)
  2 water elementals (D:14)
  A vampire (D:9)
  2 wyverns
  A shadow (D:10)
  18 yaks
  A fire bat (Depths:1)
  A fire elemental (Volcano)
  A basilisk (D:14)
  Grum (D:8)
  A steam dragon (D:9)
  3 vampire mosquitoes (D:11)
  Menkaure (D:5)
  4 swamp worms
  9 wargs
  2 nagas (Lair:3)
  An acid dragon (D:12)
  4 hell hounds (Lair:5)
  7 water moccasins
  14 orc warriors
  2 ice beasts
  3 black bears
  A meliai simulacrum (D:15)
  7 ogres
  A sky beast (D:8)
  9 centaurs
  3 lemures (D:5)
  9 wolves
  A phantom (D:6)
  A kobold brigand (D:8)
  5 bullfrogs
  2 gnoll sergeants
  2 scorpions
  2 earth elementals (Volcano)
  3 wights (D:8)
  8 killer bees (D:10)
  A howler monkey (D:9)
  2 electric eels
  3 crimson imps (D:14)
  5 hounds
  A jelly (D:6)
  8 orc priests
  Natasha (thrice) (D:2)
  Ijyb (D:5)
  3 orc wizards
  6 gnolls
  10 adders
  A shadow imp (D:6)
  4 white imps
  2 ufetubi (D:7)
  A worm (D:5)
  A dart slug (D:2)
  37 orcs
  7 bats
  11 endoplasms
  6 giant cockroaches
  9 goblins
  10 hobgoblins
  5 quokkas
  4 ball pythons
  3 frilled lizards
  8 kobolds
  6 rats
451 creatures vanquished.

Vanquished Creatures (collateral kills)
  A fire giant (Depths:1)
  An orc warlord (Orc:2)
  A stone giant (Depths:1)
  An eleionoma (Lair:2)
  A dire elephant (Lair:5)
  3 hydras
  A boulder beetle (D:14)
  A centaur warrior (D:15)
  4 two-headed ogres
  2 hell hogs (Depths:1)
  A demonic crawler (D:13)
  An occultist (Lair:5)
  2 deep trolls
  A swamp dragon (Lair:2)
  2 necromancers
  2 lindwurms
  2 deep elf pyromancers
  An arcanist (D:13)
  6 orc sorcerers
  An orc knight (Orc:1)
  An oklob plant (D:15)
  6 ugly things
  Maurice (D:12)
  A cyclops (D:15)
  2 salamanders (Depths:1)
  5 elephants
  2 kobold blastminers (Orc:2)
  A cane toad (Lair:4)
  3 molten gargoyles (Volcano)
  A black mamba (Lair:4)
  A gargoyle (D:12)
  An unseen horror (D:11)
  2 centaur skeletons (D:15)
  2 rime drakes
  4 komodo dragons
  3 trolls
  A polar bear (Lair:3)
  A blink frog (Lair:3)
  A wolf spider simulacrum (D:15)
  4 dream sheep (Lair:3)
  A centaur simulacrum (D:15)
  5 slime creatures
  A vampire (D:11)
  A wraith (D:12)
  A wyvern (D:10)
  2 fire elementals
  A basilisk (Lair:2)
  A shadow (D:11)
  10 yaks
  2 fire bats (Depths:1)
  3 vampire mosquitoes (D:14)
  A naga (Lair:3)
  5 wargs
  2 swamp worms
  3 acid dragons
  4 water moccasins
  A hell hound (Lair:5)
  12 orc warriors
  A sky beast (D:8)
  2 ogres (Orc:1)
  5 wolves
  7 centaurs
  8 bullfrogs
  A scorpion (D:6)
  2 wights (D:8)
  A killer bee (D:10)
  2 electric eels
  A crimson imp (D:14)
  A gnoll bouda (D:8)
  2 orc priests (D:8)
  7 orc wizards
  6 gnolls
  A white imp (D:14)
  14 orcs
  2 kobolds (D:8)
197 creatures vanquished.

Vanquished Creatures (others)
  A bloated husk (Swamp:1)
  22 battlemagi
23 creatures vanquished.

Grand Total: 671 creatures vanquished

Notes
Turn   | Place    | Note
-------+----------+-------------------------------------------
     0 | D:1      | bmb222 the Demonspawn Fighter began the quest for the Orb.
     0 | D:1      | Reached XP level 1. HP: 18/18 MP: 1/1
   166 | D:1      | Gained mutation: You have large cloven feet. [demonic
                  | ancestry]
   166 | D:1      | Reached XP level 2. HP: 10/24 MP: 2/2
   445 | D:1      | Reached XP level 3. HP: 27/29 MP: 3/3
   479 | D:1      | Reached skill level 2 in Maces & Flails
   735 | D:2      | Noticed Robin
   947 | D:2      | Noticed Sigmund
   952 | D:2      | Killed Sigmund
   953 | D:2      | Reached skill level 3 in Maces & Flails
   953 | D:2      | Reached skill level 1 in Dodging
   953 | D:2      | Gained mutation: You regenerate a little health from kills.
                  | [demonic ancestry]
   953 | D:2      | Reached XP level 4. HP: 32/37 MP: 4/4
   953 | D:2      | Reached XP level 5. HP: 36/42 MP: 5/5
  1282 | D:2      | Noticed Natasha
  1293 | D:2      | Killed Natasha
  1294 | D:2      | Reached skill level 4 in Maces & Flails
  1438 | D:2      | Noticed Natasha
  1468 | D:2      | Gained mutation: You may rarely emit foul miasma when
                  | damaged in melee. [demonic ancestry]
  1468 | D:2      | Reached XP level 6. HP: 43/48 MP: 6/6
  1479 | D:2      | Killed Natasha
  1560 | D:2      | Noticed Natasha
  1565 | D:2      | Killed Natasha
  1971 | D:3      | Found a sacrificial altar of Ru.
  2072 | D:3      | Identified the +5 ring mail of Zin's Wrath {rPois Regen+
                  | Str-5 Dex+5}
  2170 | D:3      | Found a blossoming altar of Fedhas.
  2186 | D:3      | Found a snail-covered altar of Cheibriados.
  2636 | D:4      | Noticed a +0 dagger
  2636 | D:4      | Noticed a +0 dagger
  2636 | D:4      | Found a hide-covered altar of Uskayaw.
  2645 | D:4      | Reached skill level 5 in Maces & Flails
  2885 | D:4      | Gained mutation: Your movements are slightly less
                  | encumbered by armour. (ER -2) [demonic ancestry]
  2885 | D:4      | Reached XP level 7. HP: 55/55 MP: 7/7
  3068 | D:4      | Found a radiant altar of Vehumet.
  3068 | D:4      | Found a hazy altar of Hepliaklqana.
  3165 | D:4      | Became a worshipper of Hepliaklqana the Forgotten
  3184 | D:5      | Entered Level 5 of the Dungeon
  3311 | D:5      | Noticed Menkaure
  3899 | D:5      | Reached skill level 6 in Maces & Flails
  3971 | D:5      | Killed Menkaure
  4267 | D:5      | Noticed Pikel
  4283 | D:5      | Killed Pikel
  4284 | D:5      | Reached skill level 7 in Maces & Flails
  4284 | D:5      | Gained mutation: You regenerate health from kills. [demonic
                  | ancestry]
  4284 | D:5      | Reached XP level 8. HP: 36/61 MP: 8/8
  4475 | D:5      | Noticed Ijyb
  4486 | D:5      | Killed Ijyb
  4717 | D:5      | Noticed Grinder
  4725 | D:5      | Paralysed by Grinder for 4 turns
  4732 | D:5      | Killed Grinder
  4733 | D:5      | Reached skill level 5 in Fighting
  4733 | D:5      | Reached skill level 8 in Maces & Flails
  5030 | D:6      | Reached * piety under Hepliaklqana
  5042 | D:6      | Reached skill level 5 in Armour
  5100 | D:6      | Gained mutation: You have hoof-like feet. [demonic
                  | ancestry]
  5100 | D:6      | Reached XP level 9. HP: 61/61 MP: 9/9
  5104 | D:6      | Found a staircase to the Ecumenical Temple.
  5527 | D:6      | Found a shimmering altar of Xom.
  5783 | D:7      | Reached ** piety under Hepliaklqana
  5784 | D:7      | Remembered your ancestor Akiya as a battlemage
  5815 | D:7      | Reached skill level 9 in Maces & Flails
  5960 | D:7      | Noticed Maggie
  5961 | D:7      | Noticed a two-headed ogre
  5976 | D:7      | Killed Maggie
  6012 | D:7      | Killed a two-headed ogre
  6013 | D:7      | Reached skill level 10 in Maces & Flails
  6286 | D:7      | Found an opulent altar of Gozag.
  6343 | D:8      | Gained mutation: Your movements are less encumbered by
                  | armour. (ER -4) [demonic ancestry]
  6343 | D:8      | Reached XP level 10. HP: 53/68 MP: 10/10
  6504 | D:8      | Noticed Grum
  6516 | D:8      | Killed Grum
  6517 | D:8      | Reached skill level 5 in Shields
  6644 | D:8      | Noticed a two-headed ogre
  6649 | D:8      | Killed a two-headed ogre
  6650 | D:8      | Reached skill level 1 in Evocations
  7155 | D:9      | Noticed a gargoyle
  7161 | D:9      | Reached skill level 11 in Maces & Flails
  7175 | D:9      | Killed a gargoyle
  7227 | D:9      | Reached *** piety under Hepliaklqana
  7231 | D:9      | Found Oblur's Distillery.
  7448 | D:10     | Entered Level 10 of the Dungeon
  7485 | D:10     | Found Hiuf's Book Boutique.
  7622 | D:10     | Identified a scroll of acquirement
  7622 | D:10     | Acquired a manual of Armour
  7625 | D:10     | Found a staircase to the Orcish Mines.
  7634 | D:10     | Reached skill level 1 in Invocations
  7992 | D:10     | Found a staircase to the Lair.
  8000 | D:10     | Noticed a deep elf pyromancer
  8007 | D:10     | Killed a deep elf pyromancer
  8008 | D:10     | Gained mutation: You regenerate a lot of health from kills.
                  | [demonic ancestry]
  8008 | D:10     | Reached XP level 11. HP: 35/75 MP: 12/12
  8428 | D:10     | Noticed a deep elf zephyrmancer
  8435 | D:10     | Killed a deep elf zephyrmancer
  8669 | Orc:1    | Entered Level 1 of the Orcish Mines
  8764 | Orc:1    | Noticed an orc knight
  8782 | Orc:1    | Killed an orc knight
  8870 | Orc:1    | Found a burning altar of Makhleb.
  8873 | Orc:1    | Reached **** piety under Hepliaklqana
  8906 | Orc:1    | Noticed an orc high priest
  8906 | Orc:1    | Noticed an orc sorcerer
  8918 | Orc:1    | Killed an orc high priest
  8918 | Orc:1    | Gained mutation: You occasionally lose the ability to drink
                  | potions when taking damage. [a neqoxec]
  8924 | Orc:1    | Killed an orc sorcerer
  8925 | Orc:1    | Reached skill level 5 in Invocations
  9151 | Orc:1    | Noticed an orc sorcerer
  9151 | Orc:1    | Noticed an orc knight
  9158 | Orc:1    | Noticed a soul eater
  9163 | Orc:1    | Killed an orc knight
  9453 | Orc:1    | Killed an orc sorcerer
  9519 | Orc:1    | Noticed a fire dragon
  9519 | Orc:1    | Noticed a lindwurm
  9532 | Orc:1    | Killed a lindwurm
  9731 | Orc:1    | Killed a fire dragon
  9816 | Orc:2    | Entered Level 2 of the Orcish Mines
  9816 | Orc:2    | Noticed an orc sorcerer
  9816 | Orc:2    | Found a staircase to the Elven Halls.
  9835 | Orc:2    | Killed an orc sorcerer
  9836 | Orc:2    | Gained mutation: You sometimes emit foul miasma when
                  | damaged in melee. [demonic ancestry]
  9836 | Orc:2    | Reached XP level 12. HP: 84/84 MP: 16/16
  9888 | Orc:2    | Noticed an orc warlord
 10395 | Orc:2    | Killed an orc warlord
 10396 | Orc:2    | Reached skill level 10 in Armour
 10674 | Orc:2    | Found Wuhumole's Jewellery Shop.
 10817 | Orc:2    | Found Rilocoug's Antique Armour Boutique.
 10825 | Orc:2    | Bought the +2 pair of slick slippers {slick, slippery,
                  | EV+4} for 995 gold pieces
 10825 | Orc:2    | Found the +2 pair of slick slippers {slick, slippery, EV+4}
 10942 | Orc:2    | Found Momatoci's Antique Weapon Shop.
 11038 | Orc:2    | Found Ysugeycs's General Store.
 11205 | Orc:2    | Reached ***** piety under Hepliaklqana
 11251 | Orc:2    | Reached skill level 10 in Fighting
 11508 | Lair:1   | Entered Level 1 of the Lair of Beasts
 11513 | Lair:1   | Noticed a five-headed hydra
 11521 | Lair:1   | Killed a five-headed hydra
 11715 | Lair:1   | Noticed a catoblepas
 11731 | Lair:1   | Killed a catoblepas
 12376 | Lair:2   | Reached XP level 13. HP: 93/93 MP: 19/19
 12608 | Lair:2   | Found a staircase to the Swamp.
 12608 | Lair:2   | Noticed an eleionoma
 12609 | Lair:2   | Lost mutation: You occasionally lose the ability to drink
                  | potions when taking damage. [potion of mutation]
 12609 | Lair:2   | Gained mutation: Your magical capacity is low. (-10% MP)
                  | [potion of mutation]
 12609 | Lair:2   | Gained mutation: Your system is resistant to poisons.
                  | (rPois) [potion of mutation]
 12609 | Lair:2   | Gained mutation: You are partially covered in large bone
                  | plates. (SH +4) [potion of mutation]
 12617 | Lair:2   | Killed an eleionoma
 13425 | Lair:3   | Reached skill level 1 in Shapeshifting
 13494 | Lair:3   | Reached skill level 5 in Dodging
 13546 | Lair:3   | Reached skill level 10 in Shields
 14177 | Lair:3   | Found a staircase to the Snake Pit.
 14347 | Lair:4   | Found a dark tunnel.
 14362 | Volcano  | Entered a volcano
 14898 | Lair:4   | You fall into a shaft and drop 1 floor!
 14898 | Lair:5   | Entered Level 5 of the Lair of Beasts
 14993 | Lair:5   | Gained mutation: You frequently emit foul miasma when
                  | damaged in melee. [demonic ancestry]
 14993 | Lair:5   | Reached XP level 14. HP: 99/99 MP: 18/18
 15694 | Lair:5   | Reached ****** piety under Hepliaklqana
 15834 | Lair:5   | Found a burning altar of Makhleb.
 15918 | Lair:5   | Found a gateway to Hell.
 16311 | D:11     | Found Duwnyr's Self-Published Books.
 16561 | D:11     | Noticed Hifysh's ghost (journeyman DsGl)
 16571 | D:11     | Found a transporter.
 16580 | D:11     | Found a transporter.
 17680 | D:12     | Noticed Frances
 17688 | D:12     | Killed Frances
 17940 | D:12     | Found a bloodstained altar of Trog.
 18142 | D:12     | Noticed Maurice
 18150 | D:12     | Killed Maurice
 18544 | D:13     | Reached skill level 12 in Maces & Flails
 18732 | D:13     | Found a gate to the Vaults.
 19784 | D:13     | Identified the +0 plate armour "Vuninya" {Harm Rampage
                  | Str+3 Stlth-}
 19919 | D:14     | Reached XP level 15. HP: 105/105 MP: 19/19
 20012 | D:14     | Noticed Snorg
 20019 | D:14     | Killed Snorg
 20071 | D:14     | Reached skill level 5 in Shapeshifting
 20075 | D:14     | Reached skill level 13 in Maces & Flails
 21080 | D:15     | Entered Level 15 of the Dungeon
 21222 | D:15     | Reached skill level 14 in Maces & Flails
 21282 | D:15     | Found a staircase to the Depths.
 21486 | D:15     | Found a blossoming altar of Fedhas.
 22087 | Orc:2    | Bought a pair of glowing gloves for 195 gold pieces
 22410 | Swamp:1  | Entered Level 1 of the Swamp
 23417 | Swamp:1  | HP: 2/105 [spriggan rider/+0 spear (8)]
 23954 | Depths:1 | Entered Level 1 of the Depths
 24133 | Depths:1 | Reached skill level 15 in Maces & Flails
 25130 | Depths:1 | Noticed a fire giant
 25131 | Depths:1 | Found an ancient bone altar of Kikubaaqudgha.
 25139 | Depths:1 | Killed a fire giant
 25259 | Depths:1 | Found a one-way gate to the infinite horrors of the Abyss.
 25427 | Depths:1 | Reached XP level 16. HP: 102/111 MP: 20/20
 25431 | Depths:1 | Acquired 884 gold pieces
 25457 | Depths:1 | Found a one-way gateway to a ziggurat.
 25594 | Depths:1 | Found a one-way gate leading to the halls of Pandemonium.
 26094 | Depths:2 | Found Vorgh's Antique Armour Boutique.
 26111 | Depths:2 | Bought a twisted buckler for 294 gold pieces
 26111 | Depths:2 | Identified the -1 buckler of Going Fast {Fly Str-4 Dex+7}
                  | (You bought it in a shop on level 2 of the Depths)
 26127 | Depths:2 | Found Roduoh's Book Shoppe.
 26179 | Depths:2 | Paralysed by a vampire knight for 3 turns
 26193 | Depths:2 | Slain by a vampire knight

Illustrated notes

Levels and vault maps discovered:
D:1:      dpeg_arrival_three_smaller_balls, layout_basic
D:2:      layout_loops_ring, kennysheep_generic_room_5, uniq_sigmund,
          uniq_natasha, uniq_robin
D:3:      layout_loops_corners, overflow_temple_1_default,
          mainiacjoe_overflow_large_starburst, minmay_stone_trees_medium
D:4:      layout_basic, mainiacjoe_overflow_divided_tiny,
          dancing_weapons_uskayaw
D:5:      layout_gridville, grunt_decor_arrowhead, uniq_menkaure, uniq_grinder,
          uniq_pikel, uniq_ijyb
D:6:      layout_cave_pods, mainiacjoe_overflow_brackets,
          minmay_temple_entry_ruins
D:7:      layout_rooms, general_overflow_altar, uniq_maggie
D:8:      layout_cave_pools, uniq_grum
D:9:      layout_rooms, elyvilon_altar_4, serial_shops, shop
D:10:     layout_loops_corners, lair_entry_dummy, david_orc_3, serial_shops,
          shop_coins, guppyfry_early_elven_hall
D:11:     layout_irregular_city, nzn_ghost_randoct, hangedman_decor_peaks_small,
          minmay_misc_feat_ornament, nicolae_custom_books
D:12:     layout_grid_maze, bloody_trog, uniq_frances, uniq_maurice
D:13:     layout_irregular_city, david_vaults_1, worms_lemuel
D:14:     layout_basic, minmay_fire_ice_demons, uniq_snorg
D:15:     grunt_enter_depths_magical_seal, layout_rooms, tgw_fedhas
Lair:1:   layout_misc_corridors, wad_woods_river_04,
          chequers_serial_rivers_micro_d
Lair:2:   layout_chaotic_city, alex1729_swamp_entry_worm_eleionoma,
          nicolae_lair_lil_pond, serial_bayou_shore_a
Lair:3:   layout_regular_city, alex1729_snake_entry_snake, grunt_megastairs_3,
          serial_bayou_shore_b
Lair:4:   layout_small_grid, dpeg_slime_entry_enclosed,
          nicolae_volcano_entry_s_turn
Lair:5:   evil_forest, layout_misc_corridors, grunt_forest_large_clearings
Swamp:1:  layout_basic_swamp, hangedman_swamp_ruin_wall, swamp_pool_3,
          roderic_carrion_pond, grunt_ruined_hall
Orc:1:    layout_diamond_mine, basic_altar, hellmonk_talismancer
Orc:2:    grunt_orc_gardens, layout_caves, grunt_orc_garden, grunt_orc_garden,
          grunt_orc_garden, grunt_orc_garden, nooodl_orcs_dogs
Depths:1: layout_cave_pools, enter_ziggurat_c, hellmouth_1, abyss_entry,
          grunt_pan_entry_spiral, good_gods_temple_1, minivault_11,
          minmay_statues_item, eino_tiny_chamber, nrook_loot_triangle,
          minmay_misc_feat_rows, kiku_gazebo_garden_becter
Depths:2: kennysheep_ambush_hall, layout_gridville, serial_shops,
          nicolae_shop_hallway_stairs, nicolae_stop_n_shop_1,
          nicolae_shop_tiny_glass, shop, nicolae_shop_getting_attention,
          rand_demon_pan_entry_8, pf_coc_iceberg, nzn_hepliaklqana_mist_gate,
          abandoned_shop, infiniplex_staircase_squiggle

Skill      XL: |  1  2  3  4  5  6  7  8  9 10 11 12 13 14 15 16 |
---------------+-------------------------------------------------+-----
Armour         | 3 4 5 6 7 9 11 13 14 | 14.5
Maces & Flails | 3 4 5 7 8 10 11 12 15 | 15.4
Fighting       | 4 5 7 8 10 | 10.7
Dodging        | 1 2 3 4 6 7 8 |  8.6
Shields        | 3 4 6 7 9 11 12 | 12.6
Evocations     | 1 2 |  2.6
Invocations    | 2 6 8 |  8.8
Shapeshifting  | 3 4 5 6 |  6.1
Stealth        | |  0.5

Action                     |  1- 3 |  4- 6 |  7- 9 | 10-12 | 13-15 | 16-18 || total
---------------------------+-------+-------+-------+-------+-------+-------++-------
  Melee: Flail             |    90 |    82 |    65 |     9 |  1142 |       ||  1388
         Kick              |    10 |    21 |    59 |   178 |       |       ||   268
         Unarmed           |       |     1 |       |       |       |       ||     1
         Whip              |       |       |   124 |   576 |   352 |       ||  1052
         Demon whip        |       |       |       |       |       |   103 ||   103
 Invoke: Ancestor Life: Ba |       |       |     1 |       |       |       ||     1
         Recall Ancestor   |       |       |       |       |     8 |       ||     8
         Idealise          |       |       |       |       |     1 |       ||     1
  Evoke: Wand              |       |       |     6 |     5 |     7 |    10 ||    28
    Use: Scroll            |     3 |       |     9 |     8 |    11 |     1 ||    32
         Potion            |     1 |       |     2 |     1 |    13 |     2 ||    19
   Stab: Invisible         |       |       |     1 |     2 |       |       ||     3
         Distracted        |       |       |       |    13 |    21 |     2 ||    36
 Armour: Scale mail        |    82 |     2 |       |       |       |       ||    84
         Chain mail        |       |    57 |    95 |     2 |       |       ||   154
         Skin              |       |    13 |       |       |       |       ||    13
         Plate armour      |       |       |       |   269 |   901 |    55 ||  1225
         Fire dragon scale |       |       |       |       |    26 |       ||    26
  Dodge: Dodged            |    42 |    39 |    66 |   163 |   687 |    31 ||  1028
  Block: Buckler           |    27 |    18 |    58 |   249 |  1117 |    50 ||  1519
         Reflection        |       |       |     2 |    25 |    52 |       ||    79

Table legend: (Time is in decaauts)
 A = Elapsed time spent in this place.
 B = Non-inter-level travel time spent in this place.
 C = Inter-level travel time spent in this place.
 D = Time resting spent in this place.
 E = Time spent auto-exploring this place.
 F = Levels seen in this place.
 G = Mean time per level.
                   A        B        C        D        E       F      G
               +--------+--------+--------+--------+--------+-----+--------+
         Total |  25603 |  23740 |   1863 |   4687 |  14205 |  26 |  984.7 |
       Dungeon |  15857 |  14522 |   1335 |   2443 |   9727 |  15 | 1057.1 |
          Lair |   5268 |   4928 |    340 |    963 |   2857 |   5 | 1053.6 |
         Swamp |     50 |     50 |      0 |      0 |      0 |   1 |   50.0 |
  Orcish Mines |   2738 |   2552 |    186 |    842 |   1075 |   2 | 1369.0 |
        Depths |   1392 |   1392 |      0 |    374 |    437 |   2 |  696.0 |
       Volcano |    295 |    295 |      0 |     65 |    108 |   1 |  295.0 |
               +--------+--------+--------+--------+--------+-----+--------+

Top non-repeatable levels by time:
  Lair:2: 1818 daAuts
     D:5: 1746 daAuts
    D:12: 1705 daAuts
    D:15: 1667 daAuts
    D:13: 1497 daAuts
   Orc:1: 1369 daAuts
   Orc:2: 1369 daAuts
    D:10: 1367 daAuts
Depths:1: 1281 daAuts
    D:14: 1272 daAuts
  Lair:5: 1194 daAuts
  Lair:3: 1115 daAuts
     D:2: 1072 daAuts
    D:11: 919 daAuts
     D:3: 898 daAuts
